 Dungeon Crawl Stone Soup version 0.28.0 (webtiles) character file.

Game seed: 14796886506853358863

1 Palewisp the Sneak (level 1, 0/9 HPs)
             Began as a Spriggan Enchanter on Feb 8, 2022.
             Slain by a rat (3 damage)
             ... on level 1 of the Dungeon.
             The game lasted 00:03:15 (204 turns).

Palewisp the Sneak (Spriggan Enchanter)              Turns: 204, Time: 00:03:16

Health: 0/9        AC:  2    Str:  4    XL:     1   Next: 16%
Magic:  5/5        EV: 17    Int: 16    God:
Gold:   12         SH:  0    Dex: 15    Spells: 5/5 levels left

rFire   . . .      SeeInvis +   a - +1 dagger
rCold   . . .      Faith    .   (no shield)
rNeg    . . .      Spirit   .   b - +0 robe
rPois   .          Reflect  .   (helmet restricted)
rElec   .          Harm     .   (no cloak)
rCorr   .          Rampage  .   (gloves unavailable)
Will    .....                   (boots unavailable)
Stlth   +++.......              g - amulet of magic regeneration
HPRegen 0.03/turn               (no ring)
MPRegen 0.49/turn               (no ring)

@: very quick
A: very small, no large weapons, unfitting armour, see invisible, speed 3
a: no special abilities


You were on level 1 of the Dungeon.
You visited 1 branch of the dungeon, and saw 1 of its levels.

You collected 12 gold pieces.

Inventory:

Hand Weapons
 a - a +1 dagger (weapon)
Missiles
 e - 15 stones (quivered)
Armour
 b - a +0 robe (worn)
Jewellery
 g - an amulet of magic regeneration (around neck)
Potions
 c - a potion of invisibility
 d - a potion of lignification {unknown}
 f - a potion of curing {unknown}
 h - a potion of haste {unknown}
 i - a potion of heal wounds {unknown}


   Skills:
 - Level 1.1 Short Blades
 - Level 2.6 Dodging
 + Level 4.4 Stealth
 * Level 2.7 Spellcasting
 + Level 3.6 Hexes


You had 5 spell levels left.
You didn't know any spells.
Your spell library contained the following spells:

 Spells                   Type           Power      Damage    Failure   Level
 Confusing Touch          Hex            13%        N/A       13%         3
 Tukima's Dance           Hex            13%        N/A       13%         3
 Ensorcelled Hibernation  Hex/Ice        16%        N/A       14%         2
 Dazzling Flash           Conj/Hex       16%        N/A       26%         3


Dungeon Overview and Level Annotations

Branches:
Dungeon (1/15)

Altars:


Innate Abilities, Weirdness & Mutations

You are very small and have problems with some larger weapons.
You are too small for most types of armour.
You have supernaturally acute eyesight. (SInv)
You cover ground extremely quickly. (Speed+++)


Message History

The endoplasm is lightly wounded.
The endoplasm closely misses you.
Press: ? - help, v - describe, . - travel A rock wall. 2 jackals come into view.
Found a scroll labelled WAECOTALEE.
Found 12 gold pieces.
Found a blackened pearl amulet.
A frilled lizard comes into view.
You now have 12 gold pieces.
You see here an amulet of magic regeneration.
g - an amulet of magic regeneration You start putting on your amulet.
You continue putting on your amulet of magic regeneration. x4
The endoplasm closely misses you.
You continue putting on your amulet of magic regeneration.
The endoplasm freezes you.
You are frozen.
* * * LOW HITPOINT WARNING * * *
The hobgoblin misses you.
You finish putting on your amulet of magic regeneration.
g - an amulet of magic regeneration (around neck)
Press: ? - help, v - describe, . - travel
Here: an endoplasm The floor.
The endoplasm jiggles.
An endoplasm comes into view.
The endoplasm quivers.
Found a stone staircase leading down.
You see here a bubbling green potion.
h - a bubbling green potion An endoplasm is nearby!
Found a glowing inky potion.
Found 8 gold pieces.
A rat comes into view.
You see here a glowing inky potion.
i - a glowing inky potion You open the door.
The rat bites you.
You die...

####### ## .....###
.###l. ##......# .....
#.......# .# #.....#.# .#
#.....#^# .# #.....#8# .#
#...r.#^# .#
.####.#@#.#.# .####
............# .....
..........### .####
..........###### ##
................
.######.#.....##
############.....#.#.#.#
.........................
########.###.#####.#.#.##


You could see a rat.

Vanquished Creatures
  An endoplasm (D:1)
1 creature vanquished.

Vanquished Creatures (others)
  2 fungi (D:1)
  4 plants (D:1)
6 creatures vanquished.

Grand Total: 7 creatures vanquished

Notes
Turn   | Place    | Note
-------+----------+-------------------------------------------
     0 | D:1      | Palewisp the Spriggan Enchanter began the quest for the
                  | Orb.
     0 | D:1      | Reached XP level 1. HP: 9/9 MP: 5/5
   204 | D:1      | Slain by a rat

Illustrated notes

Levels and vault maps discovered:
D:1:      tarquinn_simple_flora_water_d, layout_basic,
          ebering_ecumenical_altar_sacrificial, ebering_dispersal_statue_hall,
          hangedman_decor_push

Action                   || total
-------------------------++-------
Melee: Dagger            ||    25
       Punch             ||     1
Dodge: Dodged            ||    14
